 Dungeon Crawl Stone Soup version 0.31-a0-1059-g83d41fd8b6 (webtiles) character file.

Game seed: 8083615922772192500

124 Gumption the Stinger (level 4, -1/30 HPs)
             Began as a Demonspawn Venom Mage on Nov 21, 2023.
             Was an Initiate of Yredelemnul.
             Slain by a water moccasin (6 damage)
             ... on level 4 of the Dungeon.
             The game lasted 00:40:04 (4581 turns).

Gumption the Stinger (Demonspawn Venom Mage)        Turns: 4581, Time: 00:40:05

Health: -1/30      AC:  4    Str:  9    XL:     4   Next: 81%
Magic:  3/8        EV: 12    Int: 18    God:    Yredelemnul [......]
Gold:   108        SH:  0    Dex: 13    Spells: 2/8 levels left

rFire   . . .        a - +1 dagger (venom)
rCold   . . .        (no shield)
rNeg    . . .        j - +0 leather armour
rPois   .            (helmet restricted)
rElec   .            (no cloak)
rCorr   .            (no gloves)
SInv    .            l - +0 pair of boots
Will    .....        e - amulet of the acrobat
Stlth   ++           (no ring)
HPRegen 0.25/turn    (no ring)
MPRegen 0.11/turn

%: acrobat
@: lethally poisoned (-1 -> -14)
A: claws 1, hooves 1, horns 1
a: Renounce Religion, Recall Undead Harvest


You were on level 4 of the Dungeon.
You worshipped Yredelemnul.
Yredelemnul was noncommittal.
You visited 2 branches of the dungeon, and saw 5 of its levels.

You collected 108 gold pieces.

Inventory:

Hand Weapons
 a - a +1 dagger of venom (weapon)
 b - a +0 whip
Missiles
 d - 36 stones
 n - 6 poisoned darts
 t - 4 silver javelins (quivered)
Armour
 j - a +0 leather armour (worn)
 l - a +0 pair of boots (worn)
Jewellery
 e - an amulet of the acrobat (around neck)
Scrolls
 h - a scroll of poison {unknown}
 i - a scroll of vulnerability {unknown}
 k - a scroll of silence {unknown}
 o - a scroll of summoning {unknown}
 p - a scroll of noise {unknown}
 q - a scroll of fog {unknown}
 s - a scroll of blinking {unknown}
 u - 2 scrolls of enchant weapon
 v - a scroll of enchant armour {unknown}
Potions
 c - 2 potions of heal wounds
 f - a potion of might {unknown}
 g - a potion of magic
 m - a potion of cancellation
 r - 2 potions of resistance {unknown}


   Skills:
 + Level 2.7 Dodging
 - Level 1.7 Stealth
 + Level 2.8 Spellcasting
 - Level 0.8 Transmutations
 * Level 4.5 Poison Magic


You had 2 spell levels left.
You knew the following spells:

 Your Spells              Type           Power      Damage    Failure   Level
a - Sting                 Tmut/Pois      48%        1d5       8%          1
b - Poisonous Vapours     Pois/Air       20%        N/A       14%         2
c - Mephitic Cloud        Conj/Pois/Air  8%         N/A       36%         3

Your spell library contained the following spells:

 Spells                   Type           Power      Damage    Failure   Level
 Olgreb's Toxic Radiance  Pois           18%        N/A       36%         4
 Inner Flame              Hex/Fire       2%         N/A       56%         3
 Flame Wave               Conj/Fire      2%         2d4       93%         4
 Sticky Flame             Conj/Fire      2%         2d3       93%         4


Dungeon Overview and Level Annotations

Branches:
Dungeon (4/15)             Temple (1/1) D:4

Altars:
Ashenzari
Cheibriados
Hepliaklqana
Kikubaaqudgha
Nemelex Xobeh
Okawaru
Ru
Trog
Uskayaw
Vehumet
Xom
Yredelemnul

Annotations:
D:3 exclusion: 2 orc wizards


Innate Abilities, Weirdness & Mutations

You have sharp fingernails.
You have large cloven feet.
You have a pair of small horns on your head.


Message History

You feel sick. The water moccasin barely misses you.
You feel sick.
The ball python attacks as it pursues you!
The ball python completely misses you. The ball python barely misses you.
You feel sick.
There is an open door here.
You feel sick.
You barely miss the water moccasin.
The water moccasin is lightly wounded.
You feel sick.
Casting: Sting (safe; 8% risk of failure)
Confirm with . or Enter, or press ? or * to list all spells.
Aiming: Sting (safe; 8% risk of failure)
Press: ? - help, Shift-Dir - straight line, f/p - water moccasin
Aim: a water moccasin (lightly wounded, poisoned, 53% to hit)
The sting misses the water moccasin.
You feel sick.
You are no longer poisoned.
The water moccasin barely misses you.
The ball python completely misses you. x2; The water moccasin misses you.
The ball python completely misses you. The ball python closely misses you.
The water moccasin attacks as it pursues you!
The water moccasin bites you!
* * * LOW HITPOINT WARNING * * *
You are lethally poisoned!
The water moccasin poisons you!
Your magical contamination has completely faded away.
Casting: Sting (safe; 8% risk of failure)
Confirm with . or Enter, or press ? or * to list all spells.
Aiming: Sting (safe; 8% risk of failure)
Press: ? - help, Shift-Dir - straight line, f/p - water moccasin
Aim: a water moccasin (lightly wounded, poisoned, 53% to hit)
The sting hits the water moccasin.
The water moccasin partially resists.
The water moccasin looks even sicker.
The water moccasin is lightly wounded.
* * * LOW HITPOINT WARNING * * *
You feel very sick.
The water moccasin bites you but does no damage.
The water moccasin bites you.
You die...
Your body rises from the dead as a mindless zombie.

##...# #####....#
.........# S........#
############# .=.......#
##.....#.....##
.........###.............##
.........##...............#
.........##S..............#
#..........S@.............#
?......###'###............#
.####..#.†...#S...........#
##.#.###.#............#
#)+.'>#.'...........## ###
###)###.#....#.....##
...######
#.....#######.####
........## ###'### #.#
#..##>.### #...# #.##


You could see a water moccasin (very poisoned) and a ball python.

Vanquished Creatures
  5 adders
  A white imp (D:3)
  A worm (D:2)
  A dart slug (D:3)
  An orc (D:3)
  6 endoplasms
  3 giant cockroaches (D:3)
  5 goblins
  8 hobgoblins
  4 jackals (D:1)
  3 quokkas
  5 ball pythons
  6 bats
  3 frilled lizards
  6 kobolds
  7 rats
65 creatures vanquished.

Notes
Turn   | Place    | Note
-------+----------+-------------------------------------------
     0 | D:1      | Gumption the Demonspawn Venom Mage began the quest for the
                  | Orb.
     0 | D:1      | Reached XP level 1. HP: 13/13 MP: 3/3
   375 | D:1      | Discovered your monstrous ancestry.
   375 | D:1      | Gained mutation: You have a pair of small horns on your
                  | head. [demonic ancestry]
   375 | D:1      | Reached XP level 2. HP: 19/19 MP: 3/5
   516 | D:1      | Learned a level 2 spell: Poisonous Vapours
  1468 | D:2      | Gained mutation: You have sharp fingernails. [demonic
                  | ancestry]
  1468 | D:2      | Reached XP level 3. HP: 22/24 MP: 3/6
  1497 | D:2      | Learned a level 3 spell: Mephitic Cloud
  1937 | D:2      | Reached skill level 4 in Poison Magic
  2806 | D:3      | Gained mutation: You have large cloven feet. [demonic
                  | ancestry]
  2806 | D:3      | Reached XP level 4. HP: 30/30 MP: 5/7
  4369 | D:4      | Found a staircase to the Ecumenical Temple.
  4390 | Temple   | Entered the Ecumenical Temple
  4511 | Temple   | Became a worshipper of Yredelemnul the Dark
  4553 | D:4      | Noticed a water moccasin
  4581 | D:4      | Slain by a water moccasin

Illustrated notes

Levels and vault maps discovered:
D:1:      pf_arrival_petrified_forest, layout_basic, minmay_pentomino_u2
D:2:      layout_loops_ring, st_stairs_12
D:3:      layout_rooms, serial_co_window_serial, co_window_paths_b,
          co_window_of_opportunity_a, co_window_paths_b, co_window_paths_b,
          co_window_paths_a, co_window_paths_b, co_window_paths_a,
          co_window_paths_a, co_window_corner_a, co_window_broadway_c,
          co_window_corner_b, co_window_broadway_a, co_window_paths_e,
          co_window_4corner_b, glass_columns_a, glass_columns_c,
          glass_columns_a, glass_columns_a, glass_columns_b
D:4:      layout_rooms, minmay_temple_entry_glassed_door, minmay_fire_ice_demons
Temple:   nicolae_temple_bog_church

Skill      XL: |  1  2  3 |
---------------+----------+-----
Dodging        | 2 |  2.7
Poison Magic   | 4 |  4.5
Stealth        | |  1.7
Spellcasting   | |  2.8
Transmutations | |  0.8

Action                     |  1- 3 |  4- 6 || total
---------------------------+-------+-------++-------
  Melee: Whip              |     3 |       ||     3
         Dagger            |    30 |    20 ||    50
         Headbutt          |     2 |     4 ||     6
  Throw: Javelin           |       |     2 ||     2
   Cast: Sting             |    73 |    19 ||    92
    Use: Scroll            |     3 |     1 ||     4
   Stab: Sleeping          |     1 |     3 ||     4
 Armour: Robe              |     9 |       ||     9
         Leather armour    |    36 |    16 ||    52
  Dodge: Dodged            |    41 |    25 ||    66

Table legend: (Time is in decaauts)
 A = Elapsed time spent in this place.
 B = Non-inter-level travel time spent in this place.
 C = Inter-level travel time spent in this place.
 D = Time resting spent in this place.
 E = Time spent auto-exploring this place.
 F = Levels seen in this place.
 G = Mean time per level.
                   A        B        C        D        E       F      G
               +--------+--------+--------+--------+--------+-----+--------+
         Total |   4589 |   4537 |     52 |    805 |    598 |   5 |  917.8 |
       Dungeon |   4448 |   4396 |     52 |    805 |    598 |   4 | 1112.0 |
        Temple |    141 |    141 |      0 |      0 |      0 |   1 |  141.0 |
               +--------+--------+--------+--------+--------+-----+--------+

Top non-repeatable levels by time:
     D:3: 1467 daAuts
     D:1: 1377 daAuts
     D:2: 1216 daAuts
     D:4: 387 daAuts
  Temple: 141 daAuts
